 Dungeon Crawl Stone Soup version 0.29-a0-1027-gcd8c55af63 (webtiles) character file.

Game seed: 9831576950892851941

142 xian the Firebug (level 5, 0/48 HPs)
             Began as an Ogre Fire Elementalist on Aug 13, 2022.
             Slain by a kobold
             ... wielding a +0 whip
              (1 damage)
             ... on level 4 of the Dungeon.
             The game lasted 00:10:42 (3673 turns).

xian the Firebug (Ogre Fire Elementalist)           Turns: 3673, Time: 00:10:43

Health: 0/48       AC:  5    Str: 12    XL:     5   Next: 24%
Magic:  10/10      EV: 10    Int: 18    God:
Gold:   114        SH:  0    Dex:  9    Spells: 2/11 levels left

rFire   + . .      SeeInvis .   o - +2 dagger (venom)
rCold   . . .      Faith    +   (no shield)
rNeg    . . .      Spirit   .   a - +0 robe
rPois   .          Reflect  .   (helmet restricted)
rElec   .          Harm     .   q - +1 cloak
rCorr   .          Rampage  .   (gloves unavailable)
Will    .....                   (boots unavailable)
Stlth   ++........              l - amulet of faith
HPRegen 0.16/turn               n - ring of protection from fire
MPRegen 0.12/turn               (no ring)

@: no status effects
A: large, unfitting armour, tough skin 1
a: no special abilities


You were on level 4 of the Dungeon.
You visited 1 branch of the dungeon, and saw 4 of its levels.

You collected 114 gold pieces.

Inventory:

Hand Weapons
 o - a +2 dagger of venom (weapon)
Missiles
 e - 6 javelins
Armour
 a - a +0 robe (worn)
 q - a +1 cloak (worn)
Jewellery
 l - an amulet of faith (around neck)
 n - a ring of protection from fire (left hand)
Scrolls
 g - a scroll of teleportation {unknown}
 k - a scroll of butterflies {unknown}
 m - a scroll of immolation {unknown}
 p - a scroll of vulnerability {unknown}
 s - a scroll of enchant weapon {unknown}
Potions
 b - a potion of magic
 c - a potion of resistance {unknown}
 d - a potion of curing
 f - a potion of lignification {unknown}
 i - a potion of brilliance {unknown}
 r - 2 potions of haste {unknown}


   Skills:
 + Level 1.0 Fighting
 + Level 0.4 Short Blades
 + Level 2.6 Dodging
 + Level 1.9 Stealth
 + Level 3.5 Spellcasting
 + Level 1.5 Conjurations
 + Level 3.5 Fire Magic


You had 2 spell levels left.
You knew the following spells:

 Your Spells              Type           Power      Damage    Failure   Level
a - Foxfire               Conj/Fire      48%        2x1d6     5%          1
b - Scorch                Fire           30%        2d6       5%          2
c - Conjure Flame         Conj/Fire      12%        6-21      16%         3
d - Inner Flame           Hex/Fire       9%         N/A       22%         3

Your spell library contained the following spells:

 Spells                   Type           Power      Damage    Failure   Level
 Apportation              Tloc           6%         N/A       16%         1
 Necrotise                Necr           12%        1d4       16%         1
 Sandblast                Erth           6%         2d5       16%         1
 Summon Small Mammal      Summ           12%        N/A       16%         1
 Passwall                 Tmut/Erth      2%         N/A       24%         2
 Stone Arrow              Conj/Erth      12%        3d7       32%         3
 Flame Wave               Conj/Fire      12%        2d6       47%         4


Dungeon Overview and Level Annotations

Branches:
Dungeon (4/15)
 Temple: D:4-7

Altars:


Innate Abilities, Weirdness & Mutations

You are too large for most types of armour.
You have tough skin. (AC +1)


Message History

You hit the endoplasm.
The endoplasm is moderately wounded.
The endoplasm hits you but does no damage.
You hit the endoplasm.
You kill the endoplasm!
You see here a +0 whip.
You start resting.
Magic restored.
You start resting.
You flicker for a moment.
You see here a +0 whip.
You see here a +0 whip.
A scorpion is nearby!
You flicker back into view.
You see here a +0 whip.
You open the door.
Found an escape hatch in the floor.
Found a stone staircase leading down.
Found a book of Geomancy.
There is an open door here.
You close the door.
A kobold opens the door.
The white imp shouts, "Remove thy stench, thou plume-plucked moldwarp flim-flammer!"
The white imp gestures at you. The puff of frost hits you!
* * * LOW HITPOINT WARNING * * *
You see here a book of Geomancy.
You pick up a book of Geomancy and begin reading...
You add the spells Sandblast, Passwall and Stone Arrow to your library.
The orc wizard shouts!
The kobold hits you but does no damage.
You hit the white imp but do no damage. The kobold hits you but does no damage.
The orc wizard gestures wildly while chanting.
The orc wizard flickers and vanishes!
The white imp hits you.
* * * LOW HITPOINT WARNING * * *
The white imp freezes you.
* * * LOW HITPOINT WARNING * * *
As you read the scroll labelled FAETZOIPUICK, it crumbles to dust.
It is a scroll of enchant armour.
Your +0 cloak glows green for a moment.
The kobold hits you with a +0 whip.
You die...

## .# .###
##########
.s.########....o...#
.....5..)o'o{>.5@..#
..S########.....K..#
.####<# #.........#
## #.# #.........#
#####.# #.........#
......# #..##+#+#+##
####..###..#
...........#
#.........##


You could see a white imp, 3 orcs and a kobold.

Vanquished Creatures
  Terence (D:2)
  5 adders
  2 worms (D:2)
  5 orcs (D:3)
  A bat (D:2)
  2 endoplasms
  6 giant cockroaches
  2 goblins
  3 hobgoblins
  4 jackals (D:1)
  10 quokkas
  3 ball pythons (D:1)
  4 frilled lizards
  4 kobolds
  7 rats
59 creatures vanquished.

Vanquished Creatures (others)
  88 foxfires
88 creatures vanquished.

Grand Total: 147 creatures vanquished

Notes
Turn   | Place    | Note
-------+----------+-------------------------------------------
     0 | D:1      | xian the Ogre Fire Elementalist began the quest for the
                  | Orb.
     0 | D:1      | Reached XP level 1. HP: 16/16 MP: 3/3
   436 | D:1      | Reached XP level 2. HP: 24/24 MP: 2/5
   485 | D:1      | Reached skill level 1 in Conjurations
   968 | D:1      | Reached XP level 3. HP: 28/31 MP: 2/7
  1038 | D:1      | Learned a level 2 spell: Scorch
  1042 | D:1      | Learned a level 3 spell: Conjure Flame
  2052 | D:2      | Reached XP level 4. HP: 40/40 MP: 1/8
  2301 | D:2      | Found a faded altar of an unknown god.
  2320 | D:2      | Noticed Terence
  2331 | D:2      | Killed Terence
  2989 | D:3      | Reached XP level 5. HP: 46/46 MP: 10/10
  2993 | D:3      | Learned a level 3 spell: Inner Flame
  3355 | D:3      | Reached skill level 1 in Fighting
  3672 | D:4      | HP: 1/48 [white imp (2)]
  3673 | D:4      | Slain by a kobold

Illustrated notes

Levels and vault maps discovered:
D:1:      ebering_trefoil_twist, layout_loops_ring
D:2:      layout_loops_ring, ebering_ecumenical_altar_hall, roderic_lattice_a,
          minmay_unequal, uniq_terence
D:3:      layout_loops_ring
D:4:      layout_basic, slow_altar_1, mainiacjoe_overflow_24_doors,
          nzn_random_ring

Skill      XL: |  1  2  3  4  5 |
---------------+----------------+-----
Fire Magic     | 3 |  3.5
Conjurations   | 1 |  1.5
Dodging        | 2 |  2.6
Spellcasting   | 3 |  3.5
Fighting       | 1 |  1.0
Short Blades   | |  0.4
Stealth        | |  1.9

Action                   |  1- 3 |  4- 6 || total
-------------------------+-------+-------++-------
Melee: Dagger            |    53 |    45 ||    98
 Cast: Foxfire           |    39 |    19 ||    58
       Scorch            |     5 |    11 ||    16
       Conjure Flame     |     1 |     1 ||     2
  Use: Potion            |     2 |     1 ||     3
       Scroll            |       |     1 ||     1
 Stab: Sleeping          |     1 |     1 ||     2
Armor: Robe              |    35 |    23 ||    58
Dodge: Dodged            |    53 |    41 ||    94

Table legend: (Time is in decaauts)
 A = Elapsed time spent in this place.
 B = Non-inter-level travel time spent in this place.
 C = Inter-level travel time spent in this place.
 D = Time resting spent in this place.
 E = Time spent auto-exploring this place.
 F = Levels seen in this place.
 G = Mean time per level.
                   A        B        C        D        E       F      G
               +--------+--------+--------+--------+--------+-----+--------+
         Total |   3670 |   3623 |     47 |     23 |   2858 |   4 |  917.5 |
       Dungeon |   3670 |   3623 |     47 |     23 |   2858 |   4 |  917.5 |
               +--------+--------+--------+--------+--------+-----+--------+

Top non-repeatable levels by time:
     D:2: 1591 daAuts
     D:1: 1200 daAuts
     D:3: 773 daAuts
     D:4: 104 daAuts
